 Dungeon Crawl Stone Soup version 0.26-a0-720-g2a1d101370 (webtiles) character file.

Game seed: 255055163170663195

66422 robertstho the Thaumaturge (level 15, -12/115 HPs)
             Began as a Gnoll Ice Elementalist on Nov 2, 2020.
             Was a High Priest of Sif Muna.
             Killed from afar by Josephine (20 damage)
             ... with a ghostly fireball
             ... on level 13 of the Dungeon.
             The game lasted 01:09:07 (29431 turns).

robertstho the Thaumaturge (GnIE)                  Turns: 29431, Time: 01:09:07

Health: -12/115    AC: 11    Str: 11    XL:     15   Next: 19%
Magic:  28/39      EV: 19    Int: 22    God:    Sif Muna [*****.]
Gold:   1326       SH:  0    Dex: 17    Spells: 5/36 levels left

rFire    . . .     SeeInvis +   K - +5 halberd (freeze)
rCold    . . .     Faith    .   (shield currently unavailable)
rNeg     . . .     Spirit   .   o - +2 robe {MR+}
rPois    .         Reflect  .   H - +2 hat
rElec    +         Harm     .   O - +1 cloak of the Cricket {rElec}
rCorr    .         Rampage  .   p - +1 pair of gloves
MR       ++...                  (no boots)
Stlth    +++++.....             U - amulet of magic regeneration
HPRegen  0.29/turn              r - ring of magical power
MPRegen  0.51/turn              d - ring of see invisible

@: slowed, lightly drained, invisible, very slow
A: distributed training, fangs 1, strong nose
a: Channel Magic, Forget Spell, Divine Exegesis, Renounce Religion


You were on level 13 of the Dungeon.
You worshipped Sif Muna.
Sif Muna was extremely pleased with you.
You visited 4 branches of the dungeon, and saw 22 of its levels.
You also visited: Bailey.

You collected 2233 gold pieces.
You spent 907 gold pieces at shops.

Inventory:

Hand Weapons
 q - a +2 spear of venom
 K - a +5 halberd of freezing (weapon)
Missiles
 F - 42 poisoned darts (quivered)
Armour
 a - a +1 robe of cold resistance
 g - a scarf of resistance
 o - a +2 robe of magic resistance (worn)
 p - a +1 pair of gloves (worn)
 E - a +2 buckler
 H - a +2 hat (worn)
 O - the +1 cloak of the Cricket (worn) {rElec}
   (You found it on level 2 of the Orcish Mines)

   It insulates you from electricity.
 V - the +0 cloak of Votulun {rC+ Str+3}
   (You bought it in a shop on level 11 of the Dungeon)

   It affects your strength (+3).
   It protects you from cold.
 W - a scarf of repulsion
Jewellery
 d - a ring of see invisible (right hand)
 k - an uncursed ring of positive energy
 r - a ring of magical power (left hand)
 s - an uncursed ring of ice
 t - an uncursed ring of resist corrosion
 w - the ring of Mong {rElec MR+}
   (You acquired it in a bailey)

   [ring of protection from magic]

   It insulates you from electricity.
   It affects your resistance to hostile enchantments.
 N - an uncursed ring of fire
 Q - a +6 ring of intelligence
 R - an uncursed ring of protection from fire
 U - an amulet of magic regeneration (around neck)
 Z - an uncursed ring of ice
Wands
 I - a wand of iceblast (24)
 T - a wand of disintegration (14)
Scrolls
 c - 2 scrolls of fog
 e - 4 scrolls of enchant armour
 j - 2 scrolls of fear
 m - 10 scrolls of teleportation
 y - 3 scrolls of blinking
 z - 4 scrolls of magic mapping
 D - a scroll of summoning {unknown}
 G - 9 scrolls of remove curse
 J - 7 scrolls of enchant weapon {unknown}
 L - 4 scrolls of immolation
 P - 2 scrolls of brand weapon
 X - a scroll of silence
Potions
 b - 5 potions of flight
 f - 6 potions of lignification
 h - 8 potions of curing
 i - a potion of invisibility
 l - 6 potions of mutation
 n - 3 potions of haste
 u - 5 potions of cancellation
 v - 2 potions of might
 x - 4 potions of brilliance
 A - 2 potions of berserk rage
 B - 4 potions of stabbing
 C - 2 potions of magic
 M - 3 potions of resistance


   Skills:
 + Level 9.9(9.2) Fighting
 + Level 9.9(9.2) Short Blades
 + Level 9.9(9.2) Long Blades
 + Level 9.9(9.2) Axes
 + Level 9.9(9.2) Maces & Flails
 + Level 9.9(9.2) Polearms
 + Level 9.9(9.2) Staves
 + Level 9.9(9.2) Slings
 + Level 9.9(9.2) Bows
 + Level 9.9(9.2) Crossbows
 + Level 9.9(9.2) Throwing
 + Level 9.9(9.2) Armour
 + Level 10.8(10.1) Dodging
 + Level 10.7(10.0) Stealth
 + Level 9.9(9.2) Shields
 + Level 9.9(9.2) Unarmed Combat
 + Level 11.0(10.3) Spellcasting
 + Level 8.3(7.7) Conjurations
 + Level 8.3(7.7) Hexes
 + Level 8.3(7.7) Summonings
 + Level 8.3(7.7) Necromancy
 + Level 8.3(7.7) Translocations
 + Level 8.3(7.7) Transmutations
 + Level 8.3(7.7) Fire Magic
 + Level 10.8(10.2) Ice Magic
 + Level 8.3(7.7) Air Magic
 + Level 8.3(7.7) Earth Magic
 + Level 8.3(7.7) Poison Magic
 + Level 10.7(10.0) Invocations
 + Level 9.9(9.2) Evocations


You had 5 spell levels left.
You knew the following spells:

 Your Spells              Type           Power        Failure   Level
a - Freeze                Ice            ####         1%          1
b - Frozen Ramparts       Ice            ######       1%          3
c - Ozocubu's Armour      Ice            ######..     1%          3
d - Hailstorm             Conj/Ice       ######..     1%          4
e - Summon Ice Beast      Ice/Summ       ######..     1%          4
f - Ice Form              Ice/Tmut       ######..     1%          4
g - Freezing Cloud        Conj/Ice/Air   #####.....   26%         6
h - Summon Lightning Spi  Summ/Air       #####...     2%          4
i - Swiftness             Air            #####...     1%          2

Your spell library contained the following spells:

 Spells                   Type           Power        Failure   Level
 Animate Skeleton         Necr           #####.       1%          1
 Beastly Appendage        Tmut           #####.       1%          1
 Foxfire                  Conj/Fire      ####         1%          1
 Magic Dart               Conj           ####         1%          1
 Pain                     Necr           ####         1%          1
 Summon Small Mammal      Summ           ####         1%          1
 Blink                    Tloc           N/A          1%          2
 Call Imp                 Summ           #####...     1%          2
 Poisonous Vapours        Pois/Air       #####.       1%          2
 Searing Ray              Conj           #####.       1%          2
 Slow                     Hex            #####...     1%          2
 Wereblood                Tmut           #####...     1%          2
 Call Canine Familiar     Summ           #####...     1%          3
 Confusing Touch          Hex            #####...     1%          3
 Conjure Flame            Conj/Fire      #####...     1%          3
 Dazzling Flash           Conj/Hex       #####.       1%          3
 Gell's Gravitas          Tloc           #####.....   1%          3
 Ignite Poison            Fire/Tmut/Pois #####...     1%          3
 Mephitic Cloud           Conj/Pois/Air  #####...     1%          3
 Spider Form              Tmut/Pois      #####.....   1%          3
 Static Discharge         Conj/Air       #####...     1%          3
 Stone Arrow              Conj/Erth      #####.       1%          3
 Summon Guardian Golem    Hex/Summ       #####...     1%          3
 Vampiric Draining        Necr           #####.....   1%          3
 Animate Dead             Necr           #####.....   2%          4
 Fulminant Prism          Conj/Hex       #####.....   2%          4
 Iskenderun's Mystic Bla  Conj/Tloc      #####...     2%          4
 Leda's Liquefaction      Hex/Erth       #####.....   2%          4
 Olgreb's Toxic Radiance  Pois           #####...     2%          4
 Petrify                  Tmut/Erth      #####...     2%          4
 Sticky Flame             Conj/Fire      #####...     2%          4
 Metabolic Englaciation   Hex/Ice        ######....   4%          5
 Agony                    Necr           #####...     7%          5
 Blade Hands              Tmut           #####.....   7%          5
 Fireball                 Conj/Fire      #####.....   7%          5
 Lightning Bolt           Conj/Air       #####.....   7%          5
 Silence                  Hex/Air        #####.....   7%          5
 Yara's Violent Unravell  Hex/Tmut       #####.....   7%          5
 Invisibility             Hex            #####...     36%         6
 Starburst                Conj/Fire      #####.....   36%         6
 Statue Form              Tmut/Erth      #####....    36%         6
 Ignition                 Fire           #####.....   100%        8


Dungeon Overview and Level Annotations

Branches:
Dungeon (13/15)            Temple (1/1) D:6            Lair (6/6) D:9
 Shoals (0/4) Lair:4        Snake (0/4) Lair:4        Slime (0/5) Lair:5
    Orc (2/2) D:11            Elf (0/3) Orc:2        Vaults (0/5) D:13
 Bailey (visited)

Altars:
Ashenzari
Cheibriados
Dithmenos
Fedhas
Gozag
Makhleb
Nemelex Xobeh
Okawaru
Qazlal
Ru
Sif Muna
Trog
Uskayaw
Vehumet
Wu Jian
The Shining One
Jiyva

Shops:
D:10 *   D:11 ([[}   Orc:2 [:((

Annotations:
D:3 1 runed translucent door, DocClef's ghost, amateur KoGl
D:4 3 runed translucent doors, Melum's ghost, novice OgWz
D:13 Josephine
Orc:1 1 transporter


Innate Abilities, Weirdness & Mutations

Your experience applies equally to all skills.
You have very sharp teeth.
Your uncanny sense of smell can sniff out nearby items.


Message History

The bolt of electricity hits Jorgrun!
The bolt of electricity hits the wraith.
The wall freezes the two-headed ogre.
You fade into invisibility!
The frozen ramparts melt away.
Your lightning spire disappears in a puff of smoke!
Jorgrun casts a spell at your ice beast.
Your ice beast shatters!!
The icy blast hits your ice beast!!
Your ice beast partially resists.
The icy blast hits you!!
* * * LOW HITPOINT WARNING * * *
The icy blast hits the wraith!!
The wraith partially resists.
The wraith is destroyed!
The icy blast hits Jorgrun!!!
Jorgrun dies!
Your Spellcasting skill increases to level 11!
Josephine gestures at you while chanting.
The ghostly flame explodes!
The ghostly fireball engulfs you!!
You feel drained.
You die...

,,,,,,,,,,,,,,....#,.#
,,,,**,,,,,,,**W..#..#
,,,****,,,,,****..#..#
,,** **,,,** *#.#..#
..## ###+##* ##O...#
...####.....####.....#
....##.#...#.##.@W...#
.....#.......#..|.§..#
.....+...∩...'YY@....#
.....#.......#....#..#
....##.#...#.##...#..#
...#**#.....####.....#
..## ###'### ##....#
..## ##.[.## ##.#..#
...####†....####..#..#
....##)......##......#
.....................#


You could see Josephine, a two-headed ogre, a wraith and 2 friendly ice beasts.

Vanquished Creatures
  The ghost of Ludicrosity the Blocker, a journeyman MiFi of Makhleb (Orc:2)
  Nessos (Orc:2)
  A death ooze (Lair:6)
  Fannar (Lair:1)
  Harold (D:8)
  3 boulder beetles
  2 vault guards (D:13)
  2 hydras (Lair:6)
  A catoblepas (Lair:6)
  A death knight (D:13)
  2 death yaks (Lair:6)
  A deep troll shaman (Lair:6)
  2 orc high priests (Orc:2)
  Urug (D:12)
  2 unseen horrors
  A phantasmal warrior (D:13)
  2 orc knights (Orc:2)
  An ugly thing (D:9)
  5 orc sorcerers
  A cyclops (D:11)
  A black mamba (Lair:4)
  10 elephants
  7 cane toads
  A freezing wraith (D:13)
  8 komodo dragons
  3 rime drakes
  A kobold demonologist (Bailey)
  3 polar bears
  A meliai (shapeshifter) (D:13)
  3 trolls
  3 dream sheep (Lair:6)
  A slime creature (Lair:6)
  Prince Ribbit (D:6)
  11 blink frogs
  A shadow (D:12)
  A vampire (D:12)
  A wraith (D:10)
  3 wyverns
  30 yaks
  6 wargs (Orc:2)
  An acid dragon (D:13)
  A nameless horror (Bailey)
  16 water moccasins
  3 black bears
  An ice beast (D:6)
  28 orc warriors
  3 sky beasts
  9 ogres
  21 wolves
  3 centaurs
  A big kobold (D:7)
  18 bullfrogs
  A gnoll sergeant (D:9)
  5 scorpions
  5 killer bees (D:10)
  4 wights
  3 howler monkeys (D:9)
  2 bullfrog zombies
  4 quasits
  4 hounds
  13 orc priests
  3 centaur skeletons
  18 orc wizards
  Crazy Yiuf (D:2)
  2 bullfrog skeletons
  3 jellies
  4 iguanas
  15 worker ants
  Terence (D:2)
  A hound skeleton (D:4)
  13 gnolls
  10 adders
  A shadow imp (D:5)
  2 white imps
  An ufetubus (D:6)
  An ooze (D:6)
  An adder skeleton (D:8)
  2 worms (D:5)
  A dart slug (D:2)
  8 leopard geckos
  65 orcs
  2 ball pythons
  5 giant cockroaches
  12 hobgoblins
  9 jackals
  9 kobolds
  3 quokkas
  5 bats
  5 frilled lizards
  15 goblins
  2 goblin skeletons (D:5)
  2 hobgoblin zombies (D:5)
  2 kobold zombies (D:5)
  2 orc zombies (D:5)
  2 quokka skeletons
  A quokka zombie (D:5)
  7 rats
510 creatures vanquished.

Vanquished Creatures (collateral kills)
  The ghost of Grant146 the Severer, a journeyman MiBe of Trog (Lair:6)
  2 vault guards (D:13)
  2 hydras
  A catoblepas (Lair:6)
  2 death yaks (Lair:6)
  An orc high priest (Orc:2)
  3 orc knights
  A lindwurm (Lair:6)
  A phantasmal warrior (D:13)
  2 orc sorcerers
  2 ugly things (D:12)
  A cyclops (Orc:2)
  A moth of wrath (Orc:2)
  9 elephants
  A gargoyle (D:13)
  A cane toad (Lair:1)
  2 komodo dragons (Lair:6)
  A polar bear (Lair:6)
  A troll (Orc:1)
  4 slime creatures
  3 blink frogs
  A dream sheep (Lair:6)
  A wyvern (Lair:1)
  32 yaks
  4 wraiths (D:13)
  Menkaure (D:5)
  A warg (Orc:2)
  An acid dragon (D:12)
  5 water moccasins
  9 orc warriors
  A necrophage (D:7)
  2 black bears
  A phantom (D:9)
  A wolf (Lair:4)
  An ogre (Orc:1)
  A centaur (D:10)
  A big kobold (D:13)
  A bullfrog (D:9)
  A killer bee (D:10)
  6 wights
  4 electric eels
  2 bullfrog zombies
  A hound (D:13)
  5 orc priests
  6 orc wizards
  A bullfrog skeleton (D:7)
  A worker ant (D:12)
  An adder (D:5)
  A shadow imp (D:10)
  A white imp (D:6)
  An ufetubus (D:10)
  17 orcs
  A quokka (D:12)
  A quokka zombie (D:6)
156 creatures vanquished.

Vanquished Creatures (others)
  Jorgrun (D:13)
  A wraith (D:13)
  66 fungi
  92 plants
160 creatures vanquished.

Grand Total: 826 creatures vanquished

Notes
Turn   | Place    | Note
-------+----------+-------------------------------------------
     0 | D:1      | robertstho the Gnoll Ice Elementalist began the quest for
                  | the Orb.
     0 | D:1      | Reached XP level 1. HP: 13/13 MP: 6/6
   445 | D:1      | Reached XP level 2. HP: 11/19 MP: 4/7
  1069 | D:2      | Noticed Terence
  1076 | D:2      | Killed Terence
  1076 | D:2      | Reached skill level 5 in Spellcasting
  1076 | D:2      | Reached skill level 1 in Invocations
  1076 | D:2      | Reached XP level 3. HP: 25/25 MP: 4/9
  1174 | D:2      | Learned a level 3 spell: Frozen Ramparts
  1178 | D:2      | Learned a level 3 spell: Ozocubu's Armour
  1269 | D:2      | Reached skill level 1 in Fighting
  1269 | D:2      | Reached skill level 1 in Short Blades
  1269 | D:2      | Reached skill level 1 in Long Blades
  1269 | D:2      | Reached skill level 1 in Axes
  1269 | D:2      | Reached skill level 1 in Maces & Flails
  1269 | D:2      | Reached skill level 1 in Polearms
  1269 | D:2      | Reached skill level 1 in Staves
  1269 | D:2      | Reached skill level 1 in Slings
  1269 | D:2      | Reached skill level 1 in Bows
  1269 | D:2      | Reached skill level 1 in Crossbows
  1269 | D:2      | Reached skill level 1 in Throwing
  1269 | D:2      | Reached skill level 1 in Armour
  1269 | D:2      | Reached skill level 1 in Shields
  1269 | D:2      | Reached skill level 1 in Unarmed Combat
  1269 | D:2      | Reached skill level 1 in Evocations
  1472 | D:2      | Reached XP level 4. HP: 32/32 MP: 7/11
  1569 | D:2      | Found an iron altar of Okawaru.
  1686 | D:2      | Found a broken altar of Ashenzari.
  1687 | D:2      | Found a blossoming altar of Fedhas.
  1687 | D:2      | Found a sparkling altar of Nemelex Xobeh.
  1687 | D:2      | Found a snail-covered altar of Cheibriados.
  1719 | D:2      | Found an iron altar of Okawaru.
  1768 | D:2      | Reached skill level 1 in Conjurations
  1768 | D:2      | Reached skill level 1 in Hexes
  1768 | D:2      | Reached skill level 1 in Summonings
  1768 | D:2      | Reached skill level 1 in Necromancy
  1768 | D:2      | Reached skill level 1 in Translocations
  1768 | D:2      | Reached skill level 1 in Transmutations
  1768 | D:2      | Reached skill level 1 in Fire Magic
  1768 | D:2      | Reached skill level 1 in Air Magic
  1768 | D:2      | Reached skill level 1 in Earth Magic
  1768 | D:2      | Reached skill level 1 in Poison Magic
  1939 | D:2      | Found a runed translucent door.
  1940 | D:2      | Noticed Crazy Yiuf
  1950 | D:2      | Learned a level 4 spell: Hailstorm
  1954 | D:2      | Killed Crazy Yiuf
  1954 | D:2      | Reached XP level 5. HP: 33/37 MP: 8/12
  2322 | D:3      | Found a runed translucent door.
  2325 | D:3      | Noticed DocClef's ghost (amateur KoGl)
  2783 | D:4      | Reached XP level 6. HP: 33/44 MP: 10/13
  2928 | D:4      | Found a runed translucent gate.
  2929 | D:4      | Found a runed translucent gate.
  2930 | D:4      | Found a runed translucent gate.
  2931 | D:4      | Found an opulent altar of Gozag.
  2933 | D:4      | Noticed Melum's ghost (novice OgWz)
  2952 | D:4      | Learned a level 4 spell: Summon Ice Beast
  3233 | D:4      | Reached skill level 5 in Dodging
  4162 | D:5      | Entered Level 5 of the Dungeon
  4174 | D:5      | Reached XP level 7. HP: 33/51 MP: 11/15
  4427 | D:5      | Reached skill level 5 in Stealth
  4518 | D:5      | Reached XP level 8. HP: 57/57 MP: 12/16
  4561 | D:5      | Found a glowing golden altar of the Shining One.
  5080 | D:5      | Noticed Menkaure
  5407 | D:5      | Killed Menkaure
  5407 | D:5      | Reached skill level 6 in Spellcasting
  5748 | D:5      | Found an ornate altar of the Wu Jian Council.
  6080 | D:6      | Noticed Prince Ribbit
  6087 | D:6      | Killed Prince Ribbit
  6087 | D:6      | Reached XP level 9. HP: 52/65 MP: 11/18
  6264 | D:6      | Found a staircase to the Ecumenical Temple.
  6295 | Temple   | Entered the Ecumenical Temple
  6323 | Temple   | Became a worshipper of Sif Muna the Loreminder
  6975 | D:7      | Reached * piety under Sif Muna
  7271 | D:7      | Reached skill level 5 in Invocations
  7489 | D:7      | Reached skill level 7 in Spellcasting
  7721 | D:7      | Reached XP level 10. HP: 52/72 MP: 15/20
  7930 | D:8      | Noticed Harold
  7951 | D:8      | Killed Harold
  7951 | D:8      | Reached skill level 5 in Fighting
  7951 | D:8      | Reached skill level 5 in Short Blades
  7951 | D:8      | Reached skill level 5 in Long Blades
  7951 | D:8      | Reached skill level 5 in Axes
  7951 | D:8      | Reached skill level 5 in Maces & Flails
  7951 | D:8      | Reached skill level 5 in Polearms
  7951 | D:8      | Reached skill level 5 in Staves
  7951 | D:8      | Reached skill level 5 in Slings
  7951 | D:8      | Reached skill level 5 in Bows
  7951 | D:8      | Reached skill level 5 in Crossbows
  7951 | D:8      | Reached skill level 5 in Throwing
  7951 | D:8      | Reached skill level 5 in Armour
  7951 | D:8      | Reached skill level 5 in Shields
  7951 | D:8      | Reached skill level 5 in Unarmed Combat
  7951 | D:8      | Reached skill level 5 in Evocations
  9375 | D:9      | Reached ** piety under Sif Muna
  9922 | D:9      | Found a staircase to the Lair.
 10365 | D:9      | Noticed a cyan ugly thing
 10380 | D:9      | Killed a cyan ugly thing
 10380 | D:9      | Reached XP level 11. HP: 30/80 MP: 7/22
 10801 | D:9      | Reached *** piety under Sif Muna
 10859 | D:10     | Entered Level 10 of the Dungeon
 10860 | D:10     | Found Noatodd's General Store.
 10873 | D:10     | Reached skill level 5 in Conjurations
 10873 | D:10     | Reached skill level 5 in Hexes
 10873 | D:10     | Reached skill level 5 in Summonings
 10873 | D:10     | Reached skill level 5 in Necromancy
 10873 | D:10     | Reached skill level 5 in Translocations
 10873 | D:10     | Reached skill level 5 in Transmutations
 10873 | D:10     | Reached skill level 5 in Fire Magic
 10873 | D:10     | Reached skill level 5 in Air Magic
 10873 | D:10     | Reached skill level 5 in Earth Magic
 10873 | D:10     | Reached skill level 5 in Poison Magic
 10989 | D:10     | Bought a scroll of teleportation for 51 gold pieces
 10989 | D:10     | Bought a potion of cancellation for 136 gold pieces
 11412 | D:10     | Reached skill level 8 in Spellcasting
 12106 | D:11     | Found a staircase to the Orcish Mines.
 12246 | D:11     | Noticed a cyclops
 12252 | D:11     | Killed a cyclops
 12252 | D:11     | Reached **** piety under Sif Muna
 12409 | D:11     | Found a sparkling altar of Nemelex Xobeh.
 12708 | D:11     | Found Giashro's Antique Armour Emporium.
 12709 | D:11     | Found Ulunaex's Antique Weapon Shop.
 12828 | D:11     | Bought a twisted cloak for 332 gold pieces
 12838 | D:11     | Identified the cursed +0 cloak of Votulun {rC+ Str+3} (You
                  | bought it in a shop on level 11 of the Dungeon)
 12902 | D:11     | Found Bueshrir's Gadget Boutique.
 12923 | D:11     | Found Xaulei's Armour Boutique.
 12926 | D:11     | Bought a scarf of repulsion for 156 gold pieces
 12934 | D:11     | You fall into a shaft and drop 2 floors!
 12966 | D:13     | Killed an unseen horror
 13026 | D:13     | Found a flagged portal.
 13038 | Bailey   | Entered a bailey
 13211 | Bailey   | Found an iron altar of Okawaru.
 13211 | Bailey   | Noticed an orc sorcerer
 13220 | Bailey   | Killed an orc sorcerer
 13675 | Bailey   | Got a jewelled chain mail
 13773 | Bailey   | Acquired the ring of Mong {rElec MR+}
 13981 | D:13     | Noticed a boulder beetle
 13989 | D:12     | Noticed a white ugly thing
 14672 | Lair:1   | Entered Level 1 of the Lair of Beasts
 14845 | Lair:1   | Reached XP level 12. HP: 88/88 MP: 21/24
 14876 | Lair:1   | Noticed a seven-headed hydra
 14884 | Lair:1   | Killed a seven-headed hydra
 14974 | Lair:1   | Noticed Fannar
 15011 | Lair:1   | Killed Fannar
 15944 | Lair:2   | Reached skill level 9 in Spellcasting
 15950 | Lair:2   | Reached ***** piety under Sif Muna
 16925 | Lair:3   | Identified Gebin's Guide on Bewitching Toxins (Sif Muna
                  | gifted it to you on level 3 of the Lair of Beasts)
 16925 | Lair:3   | Received a gift from Sif Muna
 18214 | Lair:4   | Reached XP level 13. HP: 48/97 MP: 23/26
 19058 | Lair:4   | Found a staircase to the Snake Pit.
 19283 | Lair:4   | Found a staircase to the Shoals.
 20251 | Lair:5   | Found a staircase to the Slime Pits.
 20772 | Lair:6   | Entered Level 6 of the Lair of Beasts
 20816 | Lair:6   | Reached skill level 10 in Ice Magic
 21632 | Lair:6   | Reached skill level 10 in Spellcasting
 21738 | Lair:6   | Identified Sif Muna's Guide on Destructive Clay (Sif Muna
                  | gifted it to you on level 6 of the Lair of Beasts)
 21738 | Lair:6   | Received a gift from Sif Muna
 21990 | Lair:6   | Found a stormy altar of Qazlal.
 22067 | Lair:6   | Found a runed translucent gate.
 22067 | Lair:6   | Found a runed translucent gate.
 22067 | Lair:6   | Found a runed translucent gate.
 22069 | Lair:6   | Noticed a death ooze
 22072 | Lair:6   | Noticed Grant146's ghost (journeyman MiBe)
 22084 | Lair:6   | Found a viscous altar of Jiyva.
 22229 | Lair:6   | Reached XP level 14. HP: 106/106 MP: 21/28
 22360 | Lair:6   | Reached skill level 10 in Dodging
 22875 | Lair:6   | Reached skill level 10 in Stealth
 23293 | Lair:6   | Learned a level 4 spell: Ice Form
 23300 | Lair:6   | Learned a level 6 spell: Freezing Cloud
 23305 | Lair:6   | Learned a level 4 spell: Summon Lightning Spire
 23526 | Lair:6   | Killed Grant146's ghost
 23870 | Lair:6   | Identified the +8 chain mail "Oseleog" {Str+4} (You found
                  | it in a bailey)
 24065 | Orc:1    | Entered Level 1 of the Orcish Mines
 24108 | Orc:1    | Reached skill level 10 in Invocations
 24696 | Orc:1    | Found a transporter.
 24851 | Orc:2    | Entered Level 2 of the Orcish Mines
 25043 | Orc:2    | Found a burning altar of Makhleb.
 25203 | Orc:2    | Found a transporter.
 25217 | Orc:2    | Identified Sif Muna's Handbook of Flight (Sif Muna gifted
                  | it to you on level 2 of the Orcish Mines)
 25217 | Orc:2    | Received a gift from Sif Muna
 25257 | Orc:2    | Noticed Ludicrosity's ghost (journeyman MiFi)
 25281 | Orc:2    | Found a transporter.
 25352 | Orc:2    | Found a bloodstained altar of Trog.
 25414 | Orc:2    | Found a staircase to the Elven Halls.
 25445 | Orc:2    | Noticed Nessos
 25464 | Orc:2    | Killed Nessos
 25819 | Orc:2    | Found Cuered's Antique Weapon Boutique.
 26420 | Orc:2    | Found Kunnogh's Book Emporium.
 26448 | Orc:2    | Found Imall's Antique Armour Emporium.
 26464 | Orc:2    | Found Mathruikaz's Weapon Boutique.
 26470 | Orc:2    | Bought a pair of runed gloves for 232 gold pieces
 27267 | D:12     | Noticed Urug
 27291 | D:12     | Killed Urug
 28070 | Orc:2    | Learned a level 2 spell: Swiftness
 28091 | Orc:2    | Killed Ludicrosity's ghost
 28414 | Orc:2    | Got a spiked cloak
 28424 | Orc:2    | Identified the +1 cloak of the Cricket {rElec} (You found
                  | it on level 2 of the Orcish Mines)
 28638 | D:13     | Reached XP level 15. HP: 82/115 MP: 27/29
 28912 | D:13     | Received a gift from Sif Muna
 29241 | D:13     | Found a gate to the Vaults.
 29418 | D:13     | Noticed Jorgrun
 29420 | D:13     | Noticed Josephine
 29431 | D:13     | Killed Jorgrun
 29431 | D:13     | Reached skill level 11 in Spellcasting
 29431 | D:13     | Killed from afar by Josephine

Illustrated notes

Levels and vault maps discovered:
D:1:      erik_arrival_triangle_medium, layout_basic
D:2:      layout_loops_ring, grunt_temple_overflow_open, okawaru_gym_becter,
          uniq_crazy_yiuf_cottage, uniq_terence
D:3:      layout_loops_ring, ebering_ghost_sewer_d
D:4:      layout_layer_cave, ebering_ghost_gozag, minmay_curled_crystal
D:5:      layout_rooms, lemuel_doored_altar, cheibrodos_sewer_entry_bend,
          wad_floor_pattern_2, nicolae_tso_besieged_by_evil, uniq_menkaure
D:6:      wad_guarded_room, layout_basic, minmay_temple_entry_gardened_gates,
          uniq_prince_ribbit1
D:7:      layout_cave_pools, minmay_a_box_with_orc_wizards_in_it
D:8:      layout_basic, uniq_harold
D:9:      layout_gridville, due_lair_maze_entry_diamond
D:10:     layout_irregular_city, serial_shops, shop
D:11:     layout_basic, orc_david_3, serial_shops, nicolae_shop_trees,
          nicolae_shop_waterfront, shop, kennysheep_mini_moat,
          nemelex_xobeh_ov_fountains_minmay
D:12:     layout_long_grid, uniq_urug
D:13:     minmay_chambers_of_sevens, layout_long_grid,
          lightli_vaults_fourway_checkpoint, enter_bailey_3, uniq_jorgrun,
          uniq_josephine
Temple:   eino_temple_rhombus
Lair:1:   layout_chaotic_city, uniq_fannar
Lair:2:   layout_big_grid
Lair:3:   layout_big_grid, nicolae_quartered_pool_super,
          chequers_serial_rivers_micro_d
Lair:4:   layout_cellular_growth, elwin_shoals_entry_rocks, dummy_snake_entry,
          grunt_megastairs_3, serial_bayou_shore_a
Lair:5:   layout_regular_city, slime_dummy, serial_bayou_shore_b
Lair:6:   grunt_lair_end_beastmaster, layout_big_grid, basic_altar,
          gammafunk_ghost_ooze, chequers_serial_rivers_room_a,
          infiniplex_staircase_pool_2, lemuel_fruit_fields
Orc:1:    emtedronai_trogs_sanctum, layout_diamond_mine
Orc:2:    st_orc_elflike, layout_diamond_mine, basic_altar,
          gammafunk_ghost_berserking_beasts, nicolae_orc_damp_corner, trog_book,
          uniq_nessos

Skill      XL: |  1  2  3  4  5  6  7  8  9 10 11 12 13 14 15 |
---------------+----------------------------------------------+-----
Spellcasting   | 5 6 7 8 9 10 11 | 11.0
Invocations    | 1 2 3 4 5 6 7 8 9 10 | 10.7
Fighting       | 1 2 3 4 5 6 7 8 9 |  9.9
Short Blades   | 1 2 3 4 5 6 7 8 9 |  9.9
Long Blades    | 1 2 3 4 5 6 7 8 9 |  9.9
Axes           | 1 2 3 4 5 6 7 8 9 |  9.9
Maces & Flails | 1 2 3 4 5 6 7 8 9 |  9.9
Polearms       | 1 2 3 4 5 6 7 8 9 |  9.9
Staves         | 1 2 3 4 5 6 7 8 9 |  9.9
Slings         | 1 2 3 4 5 6 7 8 9 |  9.9
Bows           | 1 2 3 4 5 6 7 8 9 |  9.9
Crossbows      | 1 2 3 4 5 6 7 8 9 |  9.9
Throwing       | 1 2 3 4 5 6 7 8 9 |  9.9
Armour         | 1 2 3 4 5 6 7 8 9 |  9.9
Shields        | 1 2 3 4 5 6 7 8 9 |  9.9
Unarmed Combat | 1 2 3 4 5 6 7 8 9 |  9.9
Evocations     | 1 2 3 4 5 6 7 8 9 |  9.9
Conjurations   | 1 2 3 4 5 6 7 8 |  8.3
Hexes          | 1 2 3 4 5 6 7 8 |  8.3
Summonings     | 1 2 3 4 5 6 7 8 |  8.3
Necromancy     | 1 2 3 4 5 6 7 8 |  8.3
Translocations | 1 2 3 4 5 6 7 8 |  8.3
Transmutations | 1 2 3 4 5 6 7 8 |  8.3
Fire Magic     | 1 2 3 4 5 6 7 8 |  8.3
Air Magic      | 1 2 3 4 5 6 7 8 |  8.3
Earth Magic    | 1 2 3 4 5 6 7 8 |  8.3
Poison Magic   | 1 2 3 4 5 6 7 8 |  8.3
Dodging        | 5 6 7 8 9 10 | 10.8
Stealth        | 5 6 7 8 9 10 | 10.7
Ice Magic      | 8 9 10 | 10.8

Action                   |  1- 3 |  4- 6 |  7- 9 | 10-12 | 13-15 || total
-------------------------+-------+-------+-------+-------+-------++-------
Melee: Unarmed           |    44 |       |       |       |     5 ||    49
       Bite              |     2 |     8 |    17 |    64 |    43 ||   134
       Hand axe          |     3 |       |       |       |       ||     3
       Spear             |       |    70 |   218 |   510 |   276 ||  1074
       Punch             |       |     2 |     1 |       |       ||     3
       Halberd           |       |       |       |       |    62 ||    62
 Cast: Freeze            |    23 |       |       |       |       ||    23
       Frozen Ramparts   |     2 |    17 |    28 |    90 |    87 ||   224
       Summon Ice Beast  |       |       |    12 |    73 |   187 ||   272
       Hailstorm         |       |       |       |       |     3 ||     3
       Summon Lightning  |       |       |       |       |    40 ||    40
       Freezing Cloud    |       |       |       |       |     3 ||     3
       Ice Form          |       |       |       |       |     1 ||     1
Invok: Channel Magic     |       |       |       |     2 |     1 ||     3
Evoke: Wand              |       |       |       |     3 |     2 ||     5
  Use: Scroll            |       |       |    10 |    15 |     9 ||    34
       Potion            |       |       |     1 |       |     8 ||     9
 Stab: Sleeping          |     6 |     9 |     4 |     8 |     4 ||    31
       Distracted        |       |       |     1 |     4 |     8 ||    13
Armor: Robe              |    16 |    10 |    24 |    32 |    38 ||   120
Dodge: Dodged            |    53 |    32 |   150 |   284 |   237 ||   756
Block: Buckler           |       |       |    49 |   199 |   116 ||   364

Table legend: (Time is in decaauts)
 A = Elapsed time spent in this place.
 B = Non-inter-level travel time spent in this place.
 C = Inter-level travel time spent in this place.
 D = Time resting spent in this place.
 E = Time spent auto-exploring this place.
 F = Levels seen in this place.
 G = Mean time per level.
                   A        B        C        D        E       F      G
               +--------+--------+--------+--------+--------+-----+--------+
         Total |  29273 |  28112 |   1161 |   2938 |  19750 |  23 | 1272.7 |
       Dungeon |  15865 |  15254 |    611 |    910 |  11407 |  13 | 1220.4 |
        Temple |     38 |     28 |     10 |      0 |     20 |   1 |   38.0 |
          Lair |   9216 |   9014 |    202 |    979 |   6327 |   6 | 1536.0 |
  Orcish Mines |   3226 |   2889 |    337 |   1049 |   1306 |   2 | 1613.0 |
        Bailey |    925 |    925 |      0 |      0 |    688 |   1 |  925.0 |
               +--------+--------+--------+--------+--------+-----+--------+

Top non-repeatable levels by time:
  Lair:6: 3090 daAuts
   Orc:2: 2206 daAuts
  Lair:4: 1687 daAuts
     D:5: 1647 daAuts
     D:9: 1592 daAuts
    D:11: 1581 daAuts
     D:4: 1446 daAuts
     D:8: 1406 daAuts
    D:10: 1268 daAuts
  Lair:1: 1268 daAuts
  Lair:5: 1225 daAuts
    D:12: 1122 daAuts
     D:6: 1116 daAuts
    D:13: 1054 daAuts
   Orc:1: 1020 daAuts
